 Dungeon Crawl Stone Soup version 0.30-a0-1053-gbd8d5ba0ad (webtiles) character file.

Game seed: 9260978765069213464

267300 voltaire321 the Spry (level 20, 0/382 HPs)
             Began as a Merfolk Ice Elementalist on Apr 11, 2023.
             Was an Initiate of Gozag.
             Slain by voltaire321's illusion (illusionary) (5 damage)
             ... summoned by a strange machine
             ... in a wizard's laboratory.
             The game lasted 03:02:34 (36231 turns).

voltaire321 the Spry (Merfolk Ice Elementalist)    Turns: 36231, Time: 03:02:35

Health: 0/382      AC: 32    Str: 18    XL:     20   Next: 12%
Magic:  25/25      EV:  2    Int: 17    God:    Gozag
Gold:   6329       SH:  2    Dex: 17    Spells: 20/39 levels left

rFire   + + +      SeeInvis +    O - +9 glaive "Conservator" {holy, rPois rN+++ MP-9 SInv}
rCold   + . .      Faith    .    (shield currently unavailable)
rNeg    + + +      Spirit   .    N - melded +3 ring mail of Dim Light {Fly rPois rC++}
rPois   +          Reflect  .    z - melded +2 helmet of Xanor {rPois Int+3}
rElec   +          Rampage  .    m - melded +2 cloak {rF+}
rCorr   +          NoTele   +    T - melded +2 pair of gloves
Will    +....                    U - melded +0 pair of boots Stlth
                                 w - amulet of Vitality {RegenMP++ Regen++}
HPRegen 2.43/turn                q - ring of Starshine {rElec rPois rF++ Str+6 Slay+3}
MPRegen 0.99/turn                A - ring of the Octopus King {Fly HP+2 AC+2 EV+2 SH+2}

@: mighty, berserking, tree-form, resistant, hasted, studying Evocations, very
quick
A: stationary, stasis, torment immunity, boosted hp, (nimble swimmer 2),
(mertail)
}: 2/15 runes: serpentine, barnacled
a: End Transformation, Renounce Religion, Potion Petition, Call Merchant, Bribe
Branch


You were in a wizard's laboratory.
You worshipped Gozag.
Gozag was greatly pleased with you.
You were a tree.
You visited 7 branches of the dungeon, and saw 34 of its levels.
You visited 1 bazaar.
You also visited: Ossuary, Bailey, Ice Cave, Volcano and Wizlab.

You collected 14132 gold pieces.
You spent 4118 gold pieces at shops.
You paid 3685 gold pieces to Gozag.

Inventory:

Hand Weapons
 a - the +3 spear of the Lamprey {vamp, rF+ Int+2}
   (You found it on level 7 of the Dungeon)

   Int:       It affects your intelligence (+2).
   rF:        It protects you from fire.
 O - the +9 glaive "Conservator" (weapon) {holy, rPois rN+++ MP-9 SInv}
   (You bought it in a shop on level 12 of the Dungeon)

   rPois:     It protects you from poison.
   rN:        It renders you almost immune to negative energy.
   MP:        It affects your magic capacity (-9).
   SInv:      It lets you see invisible.
 V - a +3 demon trident of venom
Missiles
 Q - 7 curare-tipped darts (quivered)
Armour
 m - a +2 cloak of fire resistance (melded)
 o - quicksilver dragon scales
 y - a +0 kite shield
 z - the +2 helmet of Xanor (melded) {rPois Int+3}
   (You found it on level 11 of the Dungeon)

   Int:       It affects your intelligence (+3).
   rPois:     It protects you from poison.
 N - the +3 ring mail of Dim Light (melded) {Fly rPois rC++}
   (You found it on level 11 of the Dungeon)

   rC:        It greatly protects you from cold.
   rPois:     It protects you from poison.
   Fly:       It grants you flight.
 T - a +2 pair of gloves (melded)
 U - a +0 pair of boots (melded)
Magical Staves
 J - a staff of cold
Jewellery
 e - a ring of positive energy
 q - the ring of Starshine (left branch) {rElec rPois rF++ Str+6 Slay+3}
   (You found it on level 3 of the Dungeon)

   [ring of strength]

   Str:       It affects your strength (+6).
   Slay:      It affects your accuracy & damage with ranged weapons and melee
   (+3).
   rF:        It greatly protects you from fire.
   rElec:     It insulates you from electricity.
   rPois:     It protects you from poison.
 u - a ring of resist corrosion
 w - the amulet of Vitality (around neck) {RegenMP++ Regen++}
   (You found it on level 5 of the Dungeon)

   [amulet of magic regeneration]

   It increases your rate of magic regeneration.
   Regen:     It increases your rate of health regeneration.
 A - a ring of the Octopus King (right branch) {Fly HP+2 AC+2 EV+2 SH+2}
   (You found it on level 5 of the Lair of Beasts)

   [ring of flight]

   AC:        It affects your AC (+2).
   EV:        It affects your evasion (+2).
   HP:        It affects your health (+2).
   Fly:       It grants you flight.
   SH:        It affects your SH (+2).
 D - a ring of see invisible
 F - an amulet of reflection
Wands
 i - a wand of digging (4)
 v - a wand of mindburst (15)
 K - a wand of paralysis (26)
 W - a wand of quicksilver (5)
 Z - a wand of flame (29)
Scrolls
 f - 6 scrolls of amnesia
 g - 13 scrolls of teleportation
 h - 2 scrolls of fog
 k - a scroll of fear
 r - 3 scrolls of enchant armour
 t - 2 scrolls of blinking
 I - 8 scrolls of enchant weapon
 L - 28 scrolls of identify
 P - 7 scrolls of poison
 S - 3 scrolls of silence
 X - 3 scrolls of magic mapping
 Y - 2 scrolls of butterflies
Potions
 b - 5 potions of magic
 c - 11 potions of lignification
 d - 6 potions of mutation
 j - 3 potions of berserk rage
 l - 9 potions of curing
 n - 2 potions of might
 p - 10 potions of flight
 s - 5 potions of haste
 x - a potion of resistance
 B - 4 potions of invisibility
 C - 4 potions of cancellation
 E - 4 potions of heal wounds
 G - 7 potions of ambrosia
 M - 7 potions of brilliance
Miscellaneous
 H - a phantom mirror
 R - a lightning rod (4/4)


   Skills:
 + Level 17.2 Fighting
 + Level 18.4 Polearms
 - Level 5.0 Armour
 + Level 20.3 Dodging
 - Level 2.1 Stealth
 - Level 13.0 Shields
 - Level 10.0 Spellcasting
 - Level 7.0 Conjurations
 + Level 17.2 Ice Magic
 + Level 7.0 Air Magic
 - Level 10.0 Evocations


You had 20 spell levels left.
You knew the following spells:

 Your Spells              Type           Power      Damage    Failure   Level
a - Hailstorm             Conj/Ice       49%        3d11      1%          3
b - Frozen Ramparts       Ice            100%       1d16      1%          3
c - Ozocubu's Armour      Ice            61%        N/A       1%          3
d - Freezing Cloud        Conj/Ice/Air   21%        6-21      3%          5
e - Metabolic Englaciati  Hex/Ice        18%        N/A       7%          5

Your spell library contained the following spells:

 Spells                   Type           Power      Damage    Failure   Level
 Freeze                   Ice            100%       1d10      0%          1
 Foxfire                  Conj/Fire      80%        2x1d8     1%          1
 Kiss of Death            Conj/Necr      80%        2d11      1%          1
 Magic Dart               Conj           100%       1d8       1%          1
 Ensorcelled Hibernation  Hex/Ice        74%        N/A       1%          2
 Ice Form                 Ice/Tmut       37%        N/A       2%          4
 Summon Ice Beast         Ice/Summ       37%        N/A       2%          4
 Momentum Strike          Conj/Tloc      40%        3d9       3%          2
 Poisonous Vapours        Pois/Air       40%        N/A       3%          2
 Mephitic Cloud           Conj/Pois/Air  24%        N/A       3%          3
 Cigotuvi's Dreadful Rot  Necr/Pois/Air  32%        N/A       4%          2
 Dazzling Flash           Conj/Hex       40%        N/A       6%          3
 Vhi's Electric Charge    Tloc/Air       40%        N/A       6%          3
 Apportation              Tloc           16%        N/A       9%          1
 Beastly Appendage        Tmut           16%        N/A       9%          1
 Sting                    Tmut/Pois      32%        1d4       9%          1
 Summon Small Mammal      Summ           32%        N/A       9%          1
 Blink                    Tloc           16%        N/A       13%         2
 Call Imp                 Summ           16%        N/A       13%         2
 Wereblood                Tmut           8%         N/A       13%         2
 Flame Wave               Conj/Fire      20%        2d7       21%         4
 Iskenderun's Mystic Bla  Conj/Tloc      20%        2d6       21%         4
 Sticky Flame             Conj/Fire      20%        2d4       21%         4
 Call Canine Familiar     Summ           8%         N/A       26%         3
 Confusing Touch          Hex            8%         N/A       26%         3
 Inner Flame              Hex/Fire       8%         N/A       26%         3
 Spider Form              Tmut/Pois      8%         N/A       26%         3
 Summon Guardian Golem    Hex/Summ       8%         N/A       26%         3
 Tukima's Dance           Hex            8%         N/A       26%         3
 Volatile Blastmotes      Fire/Tloc      16%        2d11      26%         3
 Fireball                 Conj/Fire      10%        3d6       50%         5
 Silence                  Hex/Air        10%        N/A       50%         5
 Animate Armour           Summ/Erth      16%        N/A       63%         4
 Dispel Undead            Necr           8%         3d8       63%         4
 Manifold Assault         Tloc           8%         N/A       63%         4
 Olgreb's Toxic Radiance  Pois           8%         N/A       63%         4
 Passage of Golubria      Tloc           8%         N/A       63%         4
 Blade Hands              Tmut           4%         N/A       93%         5
 Yara's Violent Unravell  Hex/Tmut       4%         3d4       93%         5
 Iron Shot                Conj/Erth      10%        9d3       97%         6
 Plasma Beam              Fire/Air       10%        2x1d23    97%         6
 Starburst                Conj/Fire      10%        6d5       97%         6
 Eringya's Noxious Bog    Tmut/Pois      4%         N/A       100%        6
 Storm Form               Tmut/Air       10%        N/A       100%        7
 Ignition                 Fire           4%         3d4       100%        8
 Simulacrum               Ice/Necr       Unusable   N/A       N/A         6

Dungeon Overview and Level Annotations

Branches:
Dungeon (15/15)            Temple (1/1) D:4            Lair (5/5) D:9
 Shoals (4/4) Lair:2        Snake (4/4) Lair:2        Slime (0/5) Lair:5
    Orc (2/2) D:12            Elf (3/3) Orc:2        Vaults (0/5) D:14
 Depths (0/4) D:15        Ossuary (visited)          Bailey (visited)
  IceCv (visited)         Volcano (visited)          WizLab (1/1)

Altars:
Ashenzari
Cheibriados
Dithmenos
Elyvilon
Fedhas
Gozag
Hepliaklqana
Kikubaaqudgha
Makhleb
Nemelex Xobeh
Okawaru
Qazlal
Ru
Sif Muna
Trog
Uskayaw
Vehumet
Wu Jian
Xom
Yredelemnul
Zin
The Shining One

Shops:
D:9 (   D:12 (   D:14 *   Orc:2 *?(=?   Snake:2 *

Annotations:
D:5 3 runed translucent doors, Pokonic1's ghost, novice GrFi
Elf:1 1 runed translucent door, Rudyous's ghost, veteran DsFE
Elf:2 3 runed translucent doors


Innate Abilities, Weirdness & Mutations

You are a tree.
Your roots penetrate the ground, keeping you stationary.
You cannot be teleported.
You are immune to unholy pain and torment.
Your maximum health is greatly increased.
Your equipment is partially melded.
((You are very nimble when in or above water. (Stealth+, EV+, Speed+++)))
((Your lower body shifts to a powerful aquatic tail in water.))


Message History

The rakshasa blinks!
You slice voltaire321's illusion!!
Voltaire321's illusion is heavily wounded.
The +1 vampiric trident hits you but does no damage.
The +2 dire flail of protection hits you.
* * * LOW HITPOINT WARNING * * *
The +2 dire flail of holy wrath hits you but does no damage.
You miss voltaire321's illusion.
Voltaire321's illusion is heavily wounded.
The strange machine is engulfed in freezing vapours.
The +1 vampiric trident hits you but does no damage.
You miss voltaire321's illusion.
Voltaire321's illusion is heavily wounded.
Voltaire321's illusion hits you but does no damage.
The +2 dire flail of protection hits you!
* * * LOW HITPOINT WARNING * * *
The +2 dire flail of holy wrath hits you!
* * * LOW HITPOINT WARNING * * *
The rakshasa is engulfed in freezing vapours.
The injured rakshasa weaves a defensive illusion!
The +3 heavy glaive hits you from afar.
* * * LOW HITPOINT WARNING * * *
You are too berserk!
You are too berserk!
You hit voltaire321's illusion but do no damage.
Voltaire321's illusion is heavily wounded.
The +1 vampiric trident hits you but does no damage.
The +2 dire flail of protection hits you.
* * * LOW HITPOINT WARNING * * *
The +2 dire flail of holy wrath hits you!
* * * LOW HITPOINT WARNING * * *
You closely miss voltaire321's illusion.
Voltaire321's illusion is heavily wounded.
The +1 vampiric trident hits you from afar!
* * * LOW HITPOINT WARNING * * *
The rakshasa is engulfed in freezing vapours.
You kill the rakshasa!
The rakshasa shimmers and vanishes!
Voltaire321's illusion hits you.
You die...
Your body crumbles into a pile of gold.

#### ###### #####
##[:[}:###########
##.§§§(######..[###
...§R§(...##.....###
...§8§(♣$....##...##
##§☼§R@###...##..##
###.○(#####.....###
###°## ##..#..###
##.8. ###...###
##.... ###..###
##..⌠ ##...## ##...
##..### ##''##


You could see 2 strange machines, 2 rakshasas, 4 dancing weapons and
voltaire321's illusion.

Vanquished Creatures
  Vashnia (Snake:4)
  Jorgrun (D:15)
  Zenata (Elf:2)
  A walking crystal tome (WizLab)
  Mlioglotl (Shoals:2)
  2 krakens (Shoals:3)
  Polyphemus (Shoals:3)
  Ilsuiw (Shoals:2)
  7 nagarajas
  Aizul (Snake:1)
  2 deep elf sorcerers (Elf:2)
  The ghost of Onucvo the Cleaver, a journeyman FoFi of Okawaru (D:14)
  A stone giant (D:15)
  A dire elephant (Lair:5)
  Snorg (Orc:1)
  A deep elf death mage (Elf:1)
  3 merfolk javelineers
  The ghost of BlueFalcon the Tainter, a journeyman NaVM of Kikubaaqudgha (D:11)
  A deep elf high priest (Elf:2)
  Josephine (Lair:4)
  12 merfolk impalers
  Harold (Lair:2)
  A vault guard (D:14)
  3 salamander tyrants (Snake:4)
  2 centaur warriors
  A catoblepas (Shoals:3)
  5 rakshasas (WizLab)
  8 alligator snapping turtles
  5 hydras
  2 ogre magi
  4 boulder beetles
  10 anacondas
  6 merfolk aquamancers (Shoals:4)
  4 two-headed ogres (D:15)
  4 merfolk avatars
  13 dancing weapons
  3 tengu warriors (D:15)
  2 satyrs
  12 death yaks
  6 naga sharpshooters
  13 naga warriors
  8 shock serpents
  7 deep elf knights
  5 skysharks
  Amaemon (D:8)
  A salamander mystic (Snake:4)
  A goliath frog (Shoals:1)
  6 skeletal warriors
  18 sea snakes
  11 naga ritualists
  16 ugly things
  2 anaconda skeletons (Volcano)
  Pikel (D:8)
  24 deep elf zephyrmancers
  13 deep elf archers
  14 mana vipers
  21 deep elf pyromancers
  An orc knight (Bailey)
  15 harpies
  4 oklob plants (Lair:4)
  10 orc sorcerers
  8 fauns
  11 manticores
  18 elephants
  2 spectral centaurs (D:11)
  3 cyclopes
  12 salamanders
  2 centaur zombies (D:11)
  48 black mambas
  2 ice statues (IceCv)
  8 water nymphs
  17 merfolk sirens
  12 guardian serpents
  6 gargoyles
  14 naga magi
  An orange demon (D:8)
  11 cane toads
  8 komodo dragons
  A yaktaur (D:15)
  2 freezing wraiths (D:15)
  5 rime drakes
  3 tengu conjurers
  2 efreet
  2 trolls
  6 meliai
  21 merfolk
  4 wind drakes
  A meliai (shapeshifter) (Elf:2)
  4 polar bears
  A raiju (shapeshifter) (D:15)
  4 hornets
  Prince Ribbit (D:7)
  12 blink frogs
  9 snapping turtles
  2 air elementals (Elf:1)
  13 water elementals
  3 vampires
  A shadow (D:12)
  7 wraiths
  52 yaks
  2 flying skulls (Volcano)
  An alligator skeleton (Volcano)
  4 slime creatures (D:14)
  3 basilisks
  4 wyverns
  3 fire elementals
  6 steam dragons
  A death yak simulacrum (IceCv)
  37 nagas
  A warg (Orc:2)
  Menkaure (D:7)
  9 vampire mosquitoes
  An acid dragon (D:12)
  Duvessa (D:4)
  16 water moccasins
  6 black bears
  An ice beast (D:7)
  5 sky beasts
  28 orc warriors
  13 ogres
  12 wolves
  10 centaurs
  A phantom (D:4)
  4 lemures (D:8)
  5 kobold brigands
  13 bullfrogs
  6 earth elementals
  A gnoll sergeant (D:13)
  A cane toad simulacrum (IceCv)
  9 scorpions
  A wight (D:7)
  Dowan (D:4)
  2 elephant simulacra (IceCv)
  A troll skeleton (Volcano)
  6 killer bees
  A spriggan skeleton (Volcano)
  8 howler monkeys
  3 electric eels (Snake:2)
  12 orc priests
  2 jellies
  9 hounds
  2 gnoll boudas
  2 sleepcaps
  Terence (D:2)
  2 iguanas
  32 orc wizards
  A wolf simulacrum (IceCv)
  A boggart simulacrum (D:11)
  13 mummies (Ossuary)
  17 gnolls
  11 adders
  2 shadow imps
  2 white imps (D:5)
  2 ufetubi
  A worm (D:2)
  4 dart slugs
  105 orcs
  5 ball pythons
  6 endoplasms
  4 giant cockroaches
  5 goblins
  10 hobgoblins
  5 quokkas
  3 bats
  6 frilled lizards
  A gnoll skeleton (Ossuary)
  2 goblin skeletons (Ossuary)
  29 kobolds
  A kobold skeleton (Ossuary)
  4 orc skeletons (Ossuary)
  5 rats
  11 rat skeletons (Ossuary)
  4 tentacles (Shoals:3)
1215 creatures vanquished.

Vanquished Creatures (others)
  2 deep elf zephyrmancers
  A flying skull (Volcano)
  A water elemental (Elf:1)
  A naga (Snake:4)
  28 fungi
  110 plants
  17 tentacles (Shoals:3)
  2 withered plants (D:14)
162 creatures vanquished.

Grand Total: 1377 creatures vanquished

Notes
Turn   | Place    | Note
-------+----------+-------------------------------------------
     0 | D:1      | voltaire321 the Merfolk Ice Elementalist began the quest
                  | for the Orb.
     0 | D:1      | Reached XP level 1. HP: 13/13 MP: 3/3
   253 | D:1      | Found a faded altar of an unknown god.
   348 | D:1      | Reached XP level 2. HP: 17/20 MP: 3/5
   440 | D:1      | Reached skill level 3 in Dodging
   790 | D:2      | Reached skill level 1 in Fighting
   793 | D:2      | Reached XP level 3. HP: 26/26 MP: 0/6
  1124 | D:2      | Learned a level 3 spell: Frozen Ramparts
  1386 | D:2      | Noticed Terence
  1397 | D:2      | Killed Terence
  1398 | D:2      | Reached skill level 1 in Armour
  1398 | D:2      | Reached XP level 4. HP: 5/32 MP: 3/7
  2104 | D:3      | Found the +5 robe of Misfortune {Harm *Corrode *Slow EV+5}
  2148 | D:3      | Reached XP level 5. HP: 38/38 MP: 9/9
  2458 | D:3      | Reached skill level 5 in Ice Magic
  2582 | D:3      | Learned a level 3 spell: Ozocubu's Armour
  2647 | D:3      | Identified the staff of poison "Sexyczim" {rPois Int+7
                  | Dex-5}
  2662 | D:3      | Identified the ring of Starshine {rElec rPois rF++ Str+6
                  | Slay+3}
  2907 | D:4      | Reached skill level 4 in Dodging
  2931 | D:4      | Found an iron altar of Okawaru.
  2964 | D:4      | Reached XP level 6. HP: 40/45 MP: 10/10
  3066 | D:4      | Noticed Duvessa
  3121 | D:4      | Reached XP level 7. HP: 23/52 MP: 7/12
  3313 | D:4      | Noticed Dowan
  3322 | D:4      | Killed Duvessa
  3323 | D:4      | Reached skill level 5 in Dodging
  3323 | D:4      | Killed Dowan
  3659 | D:4      | Found a staircase to the Ecumenical Temple.
  3683 | Temple   | Entered the Ecumenical Temple
  3787 | Temple   | Became a worshipper of Gozag Ym Sagoz the Greedy
  3868 | D:5      | Entered Level 5 of the Dungeon
  3998 | D:5      | Reached XP level 8. HP: 60/60 MP: 13/13
  4270 | D:5      | Found the amulet of Vitality {RegenMP++ Regen++}
  4542 | D:5      | Found a runed translucent gate.
  4542 | D:5      | Found a runed translucent gate.
  4543 | D:5      | Found a runed translucent gate.
  4543 | D:5      | Found an opulent altar of Gozag.
  4581 | D:5      | Noticed a troll
  4581 | D:5      | Noticed Pokonic1's ghost (novice GrFi)
  4653 | D:5      | Reached skill level 6 in Dodging
  4861 | D:6      | Found a sand-covered staircase.
  4865 | Ossuary  | Entered an ossuary
  5288 | Ossuary  | Reached XP level 9. HP: 54/67 MP: 16/16
  5602 | D:6      | Found a shimmering blue altar of Sif Muna.
  5608 | D:6      | Reached skill level 5 in Fighting
  6077 | D:6      | Reached skill level 5 in Spellcasting
  6150 | D:6      | Reached skill level 5 in Armour
  6150 | D:6      | Reached skill level 7 in Dodging
  6440 | D:7      | Noticed a hornet
  6442 | D:7      | Identified the +3 spear of the Lamprey {vamp, rF+ Int+2}
  6462 | D:7      | Killed a hornet
  6463 | D:7      | Reached skill level 1 in Polearms
  6545 | D:7      | Reached skill level 8 in Dodging
  6657 | D:7      | Noticed Prince Ribbit
  6685 | D:7      | Killed Prince Ribbit
  6686 | D:7      | Reached skill level 1 in Shields
  6686 | D:7      | Reached XP level 10. HP: 69/77 MP: 17/17
  7024 | D:7      | Reached skill level 5 in Polearms
  7175 | D:7      | Reached skill level 9 in Dodging
  7448 | D:7      | Noticed Menkaure
  7460 | D:7      | Killed Menkaure
  8074 | D:8      | Found a flagged portal.
  8074 | D:8      | Noticed Pikel
  8090 | D:8      | Killed Pikel
  8103 | Bailey   | Entered a bailey
  8156 | Bailey   | Reached XP level 11. HP: 86/86 MP: 18/18
  8365 | Bailey   | Reached skill level 10 in Dodging
  8399 | Bailey   | Noticed an orc knight
  8411 | Bailey   | Killed an orc knight
  8624 | D:8      | Noticed Amaemon
  8625 | D:8      | Found a burning altar of Makhleb.
  8649 | D:8      | Killed Amaemon
  8682 | D:8      | Reached skill level 10 in Polearms
  8945 | D:8      | Reached skill level 5 in Shields
  9010 | D:8      | Noticed a +0 dagger
  9011 | D:8      | Noticed a +0 spear
  9011 | D:8      | Noticed a +0 falchion
  9011 | D:8      | Noticed a +0 dagger
  9011 | D:8      | Noticed a +0 falchion
  9012 | D:8      | Noticed a +0 spear
  9012 | D:8      | Noticed a +0 short sword
  9015 | D:8      | Noticed a +0 short sword
  9021 | D:8      | Found a hide-covered altar of Uskayaw.
  9628 | D:9      | Noticed a death yak
  9635 | D:9      | Noticed a death yak
  9636 | D:9      | Noticed a death yak
  9637 | D:9      | Noticed a death yak
  9637 | D:9      | Noticed a death yak
  9644 | D:9      | Killed a death yak
  9645 | D:9      | Reached skill level 10 in Ice Magic
  9663 | D:9      | Killed a death yak
  9672 | D:9      | Killed a death yak
  9674 | D:9      | Killed a death yak
  9675 | D:9      | Reached skill level 11 in Dodging
  9682 | D:9      | Killed a death yak
  9683 | D:9      | Reached XP level 12. HP: 95/95 MP: 17/19
  9689 | D:9      | Found a staircase to the Lair.
 10264 | Lair:1   | Entered Level 1 of the Lair of Beasts
 10641 | Lair:1   | Reached skill level 12 in Dodging
 10643 | Lair:1   | Reached skill level 10 in Fighting
 11166 | Lair:2   | Found a staircase to the Shoals.
 11166 | Lair:2   | Noticed Harold
 11356 | Lair:2   | Found a staircase to the Snake Pit.
 11409 | Lair:2   | Reached XP level 13. HP: 98/104 MP: 16/20
 11590 | Lair:2   | Killed Harold
 11591 | Lair:2   | Reached skill level 13 in Dodging
 12406 | Lair:3   | You fall into a shaft and drop 2 floors!
 12406 | Lair:5   | Entered Level 5 of the Lair of Beasts
 12463 | Lair:5   | Found a staircase to the Slime Pits.
 12626 | Lair:5   | Noticed a dire elephant
 12745 | Lair:5   | Reached skill level 14 in Dodging
 12837 | Lair:5   | Found a dark tunnel.
 12842 | Volcano  | Entered a volcano
 13491 | Lair:5   | Killed a dire elephant
 13492 | Lair:5   | Reached XP level 14. HP: 115/115 MP: 21/21
 13578 | Lair:5   | Identified the +6 short sword "Jepitsawyo" {freeze, rElec
                  | Str-4 Int+3}
 13738 | Lair:5   | Found the ring of the Octopus King
 13746 | Lair:5   | Identified a ring of the Octopus King {Fly HP+2 AC+2 EV+2
                  | SH+2}
 14220 | Lair:5   | Reached skill level 10 in Shields
 14312 | Lair:5   | Reached skill level 15 in Dodging
 15255 | Lair:4   | Noticed Josephine
 15269 | Lair:4   | Killed Josephine
 16611 | D:10     | Entered Level 10 of the Dungeon
 17147 | D:11     | Identified the +2 helmet of Xanor {rPois Int+3}
 17222 | D:11     | Identified the +3 ring mail of Dim Light {Fly rPois rC++}
 17242 | D:11     | Found a frozen archway.
 17247 | D:11     | Reached skill level 16 in Dodging
 17262 | IceCv    | Entered an ice cave
 17285 | IceCv    | Reached XP level 15. HP: 124/124 MP: 22/22
 17333 | IceCv    | Found a transporter.
 17347 | IceCv    | Found a transporter.
 17474 | D:11     | Learned a level 3 spell: Hailstorm
 17643 | D:11     | Found a runed translucent gate.
 17643 | D:11     | Found a runed translucent gate.
 17643 | D:11     | Found a runed translucent gate.
 17645 | D:11     | Noticed BlueFalcon's ghost (journeyman NaVM)
 17911 | D:11     | Killed BlueFalcon's ghost
 17912 | D:11     | Reached skill level 1 in Conjurations
 18451 | D:12     | Found a staircase to the Orcish Mines.
 18966 | Orc:1    | Entered Level 1 of the Orcish Mines
 19159 | Orc:2    | Entered Level 2 of the Orcish Mines
 19283 | Orc:2    | Found a staircase to the Elven Halls.
 19289 | Orc:2    | Found Ritot's Mayhem Merchandise.
 19414 | Orc:2    | Paralysed by an orc sorcerer for 2 turns
 19908 | Orc:1    | Noticed Snorg
 19929 | Orc:1    | Killed Snorg
 20187 | Orc:2    | Found Gemmi's Magic Scroll Emporium.
 20359 | Orc:2    | Learned a level 5 spell: Freezing Cloud
 20360 | Orc:2    | Found a radiant altar of Vehumet.
 20362 | Orc:2    | Paralysed by an orc sorcerer for 2 turns
 20443 | Orc:2    | Found an ancient bone altar of Kikubaaqudgha.
 20485 | Orc:2    | Found Hybileod's Magic Scroll Shoppe.
 20543 | Orc:2    | Found Caymiep's Jewellery Shoppe.
 20550 | Orc:2    | Found Cuxool Yrra's Antique Weapon Emporium.
 20607 | Orc:2    | Bought a scroll of blinking for 112 gold pieces
 20625 | Orc:2    | Bought a scroll of blinking for 97 gold pieces
 20886 | D:12     | Bought the +9 glaive "Conservator" {holy, rPois rN+++ MP-9
                  | SInv} for 1409 gold pieces
 21074 | D:13     | Reached skill level 1 in Air Magic
 21246 | D:13     | Identified the +5 falchion "Lapsuf" {drain, Fly rC+}
 21596 | D:14     | Found a gate to the Vaults.
 21797 | D:14     | Found a runed translucent door.
 21801 | D:14     | Noticed Onucvo's ghost (journeyman FoFi)
 21936 | D:14     | Found Geat's Demolitions Depot.
 22050 | D:14     | Bought a manual of Evocations for 1360 gold pieces
 22084 | D:14     | Killed Onucvo's ghost
 22328 | D:15     | Entered Level 15 of the Dungeon
 22389 | D:15     | Reached skill level 1 in Evocations
 22410 | D:15     | Reached XP level 16. HP: 133/133 MP: 16/25
 22415 | D:15     | Found a staircase to the Depths.
 22525 | D:15     | Reached skill level 17 in Dodging
 22608 | D:15     | Paralysed by a hornet for 1 turns
 22641 | D:15     | Reached skill level 15 in Ice Magic
 22946 | D:15     | Noticed Jorgrun
 22972 | D:15     | Killed Jorgrun
 23584 | Snake:1  | Entered Level 1 of the Snake Pit
 23803 | Snake:1  | Noticed Aizul
 23817 | Snake:1  | Killed Aizul
 24016 | Snake:1  | Reached skill level 5 in Evocations
 24679 | Snake:2  | Found Iduxoupt's General Store.
 24686 | Snake:2  | Bought the Folio of the Winter and the Bane for 800 gold
                  | pieces
 24717 | Snake:2  | Learned a level 5 spell: Metabolic Englaciation
 24769 | Snake:2  | Reached XP level 17. HP: 140/140 MP: 19/28
 24796 | Snake:2  | Reached skill level 5 in Conjurations
 24799 | Snake:2  | Reached skill level 15 in Fighting
 25153 | Snake:2  | Found a stormy altar of Qazlal.
 25513 | Snake:3  | Found a flickering gateway to a bazaar.
 25524 | Bazaar   | Entered a bazaar
 25524 | Bazaar   | Found Wipnemp's Distillery.
 25524 | Bazaar   | Found Udulal's Assorted Antiques.
 25524 | Bazaar   | Found Kaczuus's Antique Weapon Emporium.
 25524 | Bazaar   | Found Poevear's Weapon Shoppe.
 25546 | Bazaar   | Bought a potion of heal wounds for 85 gold pieces
 25546 | Bazaar   | Bought a potion of heal wounds for 85 gold pieces
 25546 | Bazaar   | Bought 2 potions of heal wounds for 170 gold pieces
 25686 | Snake:3  | Reached skill level 18 in Dodging
 26196 | Snake:4  | Entered Level 4 of the Snake Pit
 26274 | Snake:4  | Reached skill level 5 in Air Magic
 26585 | Snake:4  | Noticed Vashnia
 26619 | Snake:4  | Killed Vashnia
 26638 | Snake:4  | Reached XP level 18. HP: 53/150 MP: 16/30
 26757 | Snake:4  | Got a serpentine rune of Zot
 27417 | Shoals:1 | Entered Level 1 of the Shoals
 27737 | Shoals:1 | Got the Directory of Shaping and Anthracomancy
 28858 | Shoals:2 | Noticed Mlioglotl
 28871 | Shoals:2 | Killed Mlioglotl
 29474 | Shoals:2 | Noticed Ilsuiw
 29491 | Shoals:2 | Killed Ilsuiw
 29492 | Shoals:2 | Reached skill level 15 in Polearms
 29501 | Shoals:2 | Reached skill level 19 in Dodging
 29881 | Shoals:3 | Reached skill level 10 in Evocations
 30248 | Shoals:3 | Noticed Polyphemus
 30277 | Shoals:3 | Killed Polyphemus
 30909 | Shoals:4 | Entered Level 4 of the Shoals
 31949 | Shoals:4 | Reached XP level 19. HP: 117/157 MP: 23/32
 32294 | Shoals:4 | Got a barnacled rune of Zot
 33093 | Shoals:4 | Got the Anthology of the Unstable Storm
 33417 | Elf:1    | Entered Level 1 of the Elven Halls
 33816 | Elf:1    | Noticed Rudyous's ghost (veteran DsFE)
 33924 | Elf:1    | Found a runed translucent door.
 33968 | Elf:1    | Reached skill level 10 in Spellcasting
 34647 | Elf:2    | Noticed Zenata
 34843 | Elf:2    | Reached skill level 20 in Dodging
 34847 | Elf:2    | Killed Zenata
 35383 | Elf:2    | Found a runed translucent gate.
 35383 | Elf:2    | Found a runed translucent gate.
 35384 | Elf:2    | Found a runed translucent gate.
 35389 | Elf:2    | Reached XP level 20. HP: 160/168 MP: 25/34
 35713 | Elf:3    | Entered Level 3 of the Elven Halls
 35781 | Elf:3    | Found a magical portal.
 35790 | WizLab   | Entered Tukima's Studio
 36073 | WizLab   | Noticed voltaire321's illusion
 36199 | WizLab   | Noticed voltaire321's illusion
 36230 | WizLab   | HP: 17/382 [+2 dire flail of holy wrath[a strange machine]
                  | (13)]
 36231 | WizLab   | HP: 5/382 [+1 vampiric trident[a strange machine] (13)]
 36231 | WizLab   | Slain by voltaire321's illusion (illusionary)

Illustrated notes

Levels and vault maps discovered:
D:1:      wander_arrival_lonely_grave, layout_loops_cross,
          dilly_ecumenical_altar_fadedgnrine
D:2:      cheibrodos_old_hovel, layout_loops_ring, uniq_terence
D:3:      layout_basic
D:4:      wad_lake_hut, layout_rooms, mainiacjoe_overflow_concentric_impassable,
          temple_pool_b, dreamdust_gnoll_farm, uniq_duvessa
D:5:      minmay_diamond_boxcup, layout_loops_cross, ebering_ghost_gozag
D:6:      layout_rooms, mainiacjoe_overflow_small_starburst, enter_ossuary_5,
          minmay_misc_feat_square, minmay_pentangle
D:7:      minmay_polygon_palace, layout_layer_cave, minmay_manual_mullet,
          uniq_menkaure, uniq_prince_ribbit1
D:8:      layout_loops_ring, nicolae_uskayaw_en_pointe, enter_bailey_2,
          minmay_ruined_shrine, uniq_amaemon, uniq_pikel
D:9:      layout_stronghold, dpeg_lair_monsters
D:10:     layout_roguey
D:11:     layout_rooms, gammafunk_ghost_necromancy, portal_ice_cave_rime
D:12:     layout_gridville, hiddenorc2_lemuel
D:13:     layout_cave_pools
D:14:     layout_stronghold, david_vaults_5, gammafunk_ghost_grave,
          hangedman_decor_push, hangedman_decor_lopped, nicolae_blasting_shop
D:15:     grunt_enter_depths_snipers, layout_basic, special_room
          [special_room_orc], dk_noncrumbling_4, uniq_jorgrun
Temple:   compressed_dpeg_triangle_lava_temple
Lair:1:   layout_long_grid, minivault_23, beast_lair_carwin_6,
          serial_bayou_shore_b, grunt_megastairs_3
Lair:2:   layout_small_grid, shoals_dummy_entry, guppyfry_snake_entry_garden,
          uniq_harold
Lair:3:   layout_small_grid, serial_bayou_pond_c
Lair:4:   minmay_lair_oklob_tunnel, layout_long_grid, minivault_11,
          uniq_josephine
Lair:5:   gammafunk_lair_ancient_temple, layout_regular_city, slime_entry_1,
          enter_volcano_4
Shoals:1: layout_shoals, nicolae_shoals_goliath_grotto
Shoals:2: layout_shoals, uniq_ilsuiw, uniq_mlioglotl
Shoals:3: layout_shoals, uniq_polyphemus
Shoals:4: shoals_end_simple, layout_shoals, nzn_prometheus_bound
Snake:1:  layout_grid_shapes, grunt_ministairs_13, uniq_aizul
Snake:2:  layout_misc_corridors, basic_altar, grunt_megastairs_2,
          serial_bayou_shore_a, minmay_shop_star, lemuel_fruit_tree
Snake:3:  layout_rooms, serial_shops, bzr_entry_dummy, nicolae_integral_box
Snake:4:  grunt_snake_rune_serpentine_throne, layout_rooms
Orc:1:    layout_caves, basic_altar, uniq_snorg
Orc:2:    kennysheep_orc_mage_school, layout_diamond_mine, minmay_shop_mayhem
Elf:1:    nicolae_elf_arrival_aired_out, layout_loops_corners,
          hellmonk_ghost_big_iron, minivault_28
Elf:2:    nicolae_elf_blades_splatter_lattice
          [nicolae_blade_entry_area_security], layout_loops_cross,
          grunt_ministairs_8, st_stairs_7, hangedman_elf_represent, uniq_zenata
Elf:3:    minmay_elf_hall_hex, layout_onion_city, mu_enter_wizlab_6, uniq_nikola
WizLab:   wizlab_tukima

Skill      XL: |  1  2  3  4  5  6  7  8  9 10 11 12 13 14 15 16 17 18 19 |
---------------+----------------------------------------------------------+-----
Dodging        | 3 4 5 6 8 9 11 12 14 16 17 18 19 20 | 20.3
Fighting       | 1 2 3 4 6 7 9 10 12 13 14 15 16 17 | 17.2
Armour         | 1 2 3 4 5 |  5.0
Ice Magic      | 5 6 8 9 10 11 13 14 15 16 17 | 17.2
Spellcasting   | 3 4 5 6 7 8 9 10 | 10.0
Polearms       | 3 8 11 12 13 15 18 | 18.4
Shields        | 1 3 5 7 9 11 12 13 | 13.0
Conjurations   | 3 4 5 6 7 |  7.0
Air Magic      | 2 4 5 6 7 |  7.0
Evocations     | 1 6 8 10 | 10.0
Stealth        | |  2.1

Action                     |  1- 3 |  4- 6 |  7- 9 | 10-12 | 13-15 | 16-18 | 19-21 || total
---------------------------+-------+-------+-------+-------+-------+-------+-------++-------
  Melee: Whip              |     9 |       |       |       |       |       |       ||     9
         Dagger            |     7 |   136 |   341 |       |       |       |       ||   484
         Punch             |       |     1 |    11 |       |       |       |       ||    12
         Tailslap          |       |       |     3 |       |       |       |       ||     3
         Spear             |       |       |    33 |   694 |  1848 |       |       ||  2575
         Rapier            |       |       |     2 |       |       |       |       ||     2
         Unarmed           |       |       |       |     7 |       |       |       ||     7
         Glaive            |       |       |       |       |   130 |   987 |   462 ||  1579
  Throw: Dart              |       |       |       |       |     1 |     1 |       ||     2
   Cast: Freeze            |    31 |       |       |       |       |       |       ||    31
         Frozen Ramparts   |     1 |     4 |    12 |    46 |   124 |   108 |    28 ||   323
         Ozocubu's Armour  |       |       |     3 |    11 |    39 |    16 |     4 ||    73
         Hailstorm         |       |       |       |       |    18 |     9 |     1 ||    28
         Freezing Cloud    |       |       |       |       |       |    56 |    30 ||    86
         Metabolic Englaci |       |       |       |       |       |     5 |       ||     5
 Invoke: Call Merchant     |       |       |       |     1 |     1 |       |       ||     2
         Potion Petition   |       |       |       |       |     2 |       |     3 ||     5
  Evoke: Wand              |       |       |       |       |    12 |    12 |       ||    24
    Use: Scroll            |       |       |    20 |     6 |     9 |     3 |     6 ||    44
         Potion            |       |       |       |       |     3 |     6 |     8 ||    17
   Stab: Sleeping          |     2 |     4 |     6 |     5 |     2 |     2 |       ||    21
         Distracted        |       |     1 |     2 |     1 |     9 |     4 |     1 ||    18
         Confused          |       |       |       |     1 |       |       |       ||     1
 Armour: Leather armour    |     6 |    12 |       |       |       |       |       ||    18
         Robe              |     1 |       |       |       |       |       |       ||     1
         Quicksilver drago |       |    27 |    96 |   136 |   205 |       |       ||   464
         Skin              |       |       |       |     3 |       |       |    34 ||    37
         Ring mail         |       |       |       |       |   191 |   338 |    94 ||   623
  Dodge: Dodged            |    22 |    73 |   203 |   281 |   892 |   983 |   337 ||  2791
  Block: Other             |     2 |    20 |    24 |       |    11 |    62 |    27 ||   146
         Kite shield       |       |       |       |   238 |   728 |       |       ||   966

Table legend: (Time is in decaauts)
 A = Elapsed time spent in this place.
 B = Non-inter-level travel time spent in this place.
 C = Inter-level travel time spent in this place.
 D = Time resting spent in this place.
 E = Time spent auto-exploring this place.
 F = Levels seen in this place.
 G = Mean time per level.
                   A        B        C        D        E       F      G
               +--------+--------+--------+--------+--------+-----+--------+
         Total |  34566 |  32994 |   1572 |   5232 |  14446 |  40 |  864.2 |
       Dungeon |  14007 |  13234 |    773 |   1295 |   7749 |  15 |  933.8 |
        Temple |    123 |    105 |     18 |      0 |     45 |   1 |  123.0 |
          Lair |   5380 |   5030 |    350 |    415 |   2309 |   5 | 1076.0 |
        Shoals |   5105 |   5028 |     77 |   2048 |   1277 |   4 | 1276.2 |
     Snake Pit |   3821 |   3662 |    159 |    522 |   1358 |   4 |  955.2 |
  Orcish Mines |   1733 |   1577 |    156 |    133 |    548 |   2 |  866.5 |
   Elven Halls |   2332 |   2296 |     36 |    296 |    880 |   3 |  777.3 |
        Bazaar |     29 |     29 |      0 |      0 |      0 |   1 |   29.0 |
       Ossuary |    632 |    632 |      0 |    194 |     90 |   1 |  632.0 |
        Bailey |    352 |    352 |      0 |      0 |    106 |   1 |  352.0 |
      Ice Cave |    131 |    131 |      0 |     24 |      0 |   1 |  131.0 |
       Volcano |    514 |    514 |      0 |     83 |     82 |   1 |  514.0 |
        Wizlab |    400 |    400 |      0 |    220 |      0 |   1 |  400.0 |
               +--------+--------+--------+--------+--------+-----+--------+

Top non-repeatable levels by time:
Shoals:4: 2051 daAuts
     D:7: 1641 daAuts
  Lair:5: 1416 daAuts
     D:2: 1266 daAuts
   Elf:2: 1205 daAuts
   Orc:2: 1195 daAuts
 Snake:4: 1164 daAuts
  Lair:2: 1164 daAuts
    D:15: 1100 daAuts
 Snake:1: 1068 daAuts
     D:9: 1063 daAuts
Shoals:1: 1060 daAuts
   Elf:1: 1050 daAuts
Shoals:3: 1011 daAuts
    D:12: 992 daAuts
